[ AOE2 MATCH · #473500936 ]
UnrankedTatars vs Franks
[ REPLAY ANALYSIS · EXTRACTED FROM THE RECORDED GAME ]
Feudal
14:00
Castle
19:32
Imperial
35:07
| APM avg | 11.9 |
| APM peak | 26 |
| eAPM avg | 8.3 |
| Villagers / military | 68 / 39 |
Focus
⚔️ 15.3% · 🌾 84.7%
Steppe Lancer ×39 · Fishing Ship ×14
Feudal
12:04
Castle
17:30
Imperial
30:25
| APM avg | 20.9 |
| APM peak | 39 |
| eAPM avg | 14.3 |
| Villagers / military | 113 / 90 |
Focus
⚔️ 30.7% · 🌾 69.3%
Spearman ×68 · Knight ×15 · Throwing Axeman ×3 · Trebuchet (Packed) ×3 · Battering Ram ×1
Feudal
13:21
Castle
17:40
Imperial
29:25
| APM avg | 13.5 |
| APM peak | 28 |
| eAPM avg | 11.3 |
| Villagers / military | 107 / 51 |
Focus
⚔️ 18.2% · 🌾 81.8%
War Elephant ×51 · Fishing Ship ×16
Feudal
12:16
Castle
20:27
Imperial
33:55
| APM avg | 62.2 |
| APM peak | 161 |
| eAPM avg | 34.8 |
| Villagers / military | 116 / 72 |
Focus
⚔️ 21.6% · 🌾 78.4%
Skirmisher ×40 · Mameluke ×26 · Trade Cart ×10 · Fishing Ship ×7 · Trebuchet (Packed) ×4 · Monk ×1
Feudal
18:16
Castle
23:47
Imperial
34:26
| APM avg | 14.9 |
| APM peak | 67 |
| eAPM avg | 12.5 |
| Villagers / military | 189 / 115 |
Focus
⚔️ 29.0% · 🌾 71.0%
Plumed Archer ×54 · Spearman ×37 · Eagle Scout ×22 · Trebuchet (Packed) ×2
Feudal
12:36
Castle
18:27
Imperial
33:19
| APM avg | 27.2 |
| APM peak | 53 |
| eAPM avg | 16.9 |
| Villagers / military | 154 / 164 |
Focus
⚔️ 21.8% · 🌾 78.2%
Steppe Lancer ×155 · Fishing Ship ×8 · Monk ×5 · Bombard Cannon ×4
Feudal
15:59
Castle
25:45
Imperial
34:18
| APM avg | 23.6 |
| APM peak | 55 |
| eAPM avg | 17.2 |
| Villagers / military | 140 / 42 |
Focus
⚔️ 18.7% · 🌾 81.3%
Spearman ×19 · Skirmisher ×12 · Monk ×5 · Bombard Cannon ×5 · Fishing Ship ×4 · Mangonel ×1
Feudal
19:26
Castle
24:40
Imperial
—
| APM avg | 16.4 |
| APM peak | 35 |
| eAPM avg | 13.9 |
| Villagers / military | 124 / 65 |
Focus
⚔️ 27.7% · 🌾 72.3%
Spearman ×26 · Knight ×23 · Militia ×15 · Monk ×1
Match map
Initial resources + every placement click. Lines = walls · curves = elevation contours. ◆ gold · ⬟ stone · ● berries · ✦ relic · ◌ wall gap
Your base
Falcon95's base
Cochiloco2000's base
animaniacs2's base· Open — unwalled flank
GodLyCrisCo's base
Rock-King's base· Open — unwalled flank
MA's base
Porkroll's base· Open — unwalled flank
Smoothed initial terrain · ◌ = detected wall gap · hover for details
Inputs per minute
— eXorcist - - Falcon95
Build order — eXorcist
First 150 of 201 actions detected
| 0:04 | Create | Villager (Male) ×4 |
| 0:07 | Build | House |
| 0:11 | Build | House |
| 0:51 | Research | Loom |
| 1:42 | Create | Villager (Male) |
| 1:42 | Create | Villager (Male) |
| 2:12 | Create | Villager (Male) |
| 2:12 | Create | Villager (Male) |
| 2:51 | Build | Palisade Wall |
| 3:12 | Create | Villager (Male) ×3 |
| 3:57 | Build | Palisade Wall |
| 3:59 | Build | Palisade Wall |
| 4:15 | Build | House |
| 4:20 | Create | Villager (Male) ×2 |
| 4:21 | Create | Villager (Male) ×2 |
| 5:12 | Build | House |
| 5:13 | Build | House |
| 5:30 | Create | Villager (Male) ×4 |
| 5:56 | Build | Lumber Camp |
| 6:08 | Create | Villager (Male) |
| 6:08 | Create | Villager (Male) |
| 6:41 | Create | Villager (Male) |
| 6:42 | Create | Villager (Male) |
| 6:42 | Create | Villager (Male) |
| 6:42 | Create | Villager (Male) |
| 7:22 | Build | Mill |
| 7:46 | Create | Villager (Male) |
| 8:11 | Build | Mining Camp |
| 8:39 | Create | Villager (Male) |
| 9:08 | Create | Villager (Male) |
| 9:51 | Create | Villager (Male) |
| 10:08 | Create | Villager (Male) |
| 10:18 | Build | Dock |
| 10:32 | Build | Dock |
| 10:42 | Create | Villager (Male) |
| 10:47 | Build | House |
| 10:50 | Build | House |
| 11:50 | Research | Feudal Age |
| 12:02 | Create | Fishing Ship |
| 12:02 | Create | Fishing Ship |
| 12:32 | Build | Mill |
| 12:52 | Create | Fishing Ship |
| 12:52 | Create | Fishing Ship |
| 13:23 | Create | Villager (Male) |
| 13:23 | Create | Villager (Male) |
| 14:00 | Age | Feudal Age |
| 14:07 | Build | Market |
| 14:12 | Build | Blacksmith |
| 14:25 | Research | Double-Bit Axe |
| 14:34 | Create | Villager (Male) |
| 14:40 | Build | Mining Camp |
| 15:13 | Create | Villager (Male) |
| 15:25 | Build | House |
| 15:28 | Build | House |
| 16:32 | Build | Stone Wall |
| 16:53 | Research | Castle Age |
| 16:58 | Create | Fishing Ship |
| 16:59 | Create | Fishing Ship |
| 17:03 | Research | Tech 906 |
| 17:33 | Research | Horse Collar |
| 17:39 | Build | Fish Trap |
| 17:52 | Build | Fish Trap |
| 18:05 | Build | Stone Wall |
| 18:12 | Build | Fish Trap |
| 18:24 | Build | Fish Trap |
| 18:36 | Build | Fish Trap |
| 18:41 | Create | Fishing Ship |
| 18:41 | Create | Fishing Ship |
| 19:20 | Build | Stone Wall |
| 19:32 | Age | Castle Age |
| 19:43 | Build | Town Center |
| 19:55 | Research | Wheelbarrow |
| 20:41 | Build | Town Center |
| 20:52 | Create | Villager (Male) |
| 20:52 | Create | Villager (Male) |
| 20:52 | Create | Villager (Male) |
| 20:53 | Create | Villager (Male) |
| 21:17 | Build | Fish Trap |
| 21:35 | Build | Fish Trap |
| 21:42 | Create | Villager (Male) |
| 21:42 | Create | Villager (Male) |
| 21:42 | Create | Villager (Male) |
| 21:43 | Create | Villager (Male) |
| 22:04 | Research | Bow Saw |
| 22:06 | Research | Heavy Plow |
| 22:11 | Create | Fishing Ship |
| 22:12 | Create | Fishing Ship |
| 22:31 | Build | Fish Trap |
| 22:49 | Build | Barracks |
| 23:01 | Build | House |
| 23:25 | Build | Stable |
| 23:30 | Build | Stable |
| 23:41 | Research | Forging |
| 23:53 | Build | Fish Trap |
| 24:00 | Create | Steppe Lancer ×2 |
| 24:08 | Create | Steppe Lancer |
| 24:08 | Create | Steppe Lancer |
| 24:25 | Build | Farm |
| 24:28 | Build | Farm |
| 24:29 | Build | Farm |
| 24:30 | Build | Farm |
| 24:32 | Build | Farm |
| 24:34 | Build | Farm |
| 24:35 | Build | Farm |
| 24:45 | Build | Castle |
| 24:54 | Create | Steppe Lancer |
| 24:54 | Create | Steppe Lancer |
| 24:54 | Create | Steppe Lancer |
| 25:11 | Build | Farm |
| 25:14 | Build | Farm |
| 25:16 | Build | Farm |
| 25:19 | Build | Farm |
| 25:21 | Build | Farm |
| 25:22 | Build | Farm |
| 25:28 | Build | Farm |
| 25:34 | Research | Scale Barding Armor |
| 25:57 | Build | House |
| 26:00 | Build | House |
| 26:01 | Build | House |
| 26:02 | Build | House |
| 26:14 | Research | Iron Casting |
| 26:31 | Build | Stone Wall |
| 26:32 | Build | Stone Wall |
| 26:35 | Build | Stone Wall |
| 26:41 | Build | Building 490 |
| 26:56 | Research | Fletching |
| 26:59 | Research | Husbandry |
| 27:05 | Research | Bloodlines |
| 28:19 | Create | Steppe Lancer ×5 |
| 28:20 | Create | Steppe Lancer ×5 |
| 28:20 | Create | Steppe Lancer ×5 |
| 28:20 | Create | Steppe Lancer ×5 |
| 28:36 | Research | Bodkin Arrow |
| 29:02 | Create | Villager (Male) |
| 29:03 | Create | Villager (Male) |
| 29:03 | Create | Villager (Male) |
| 29:03 | Create | Villager (Male) |
| 29:15 | Build | Farm |
| 29:19 | Build | Farm |
| 29:20 | Build | Farm |
| 29:20 | Build | Farm |
| 29:22 | Build | Farm |
| 29:24 | Build | Farm |
| 29:25 | Build | Farm |
| 29:26 | Build | Farm |
| 29:27 | Build | Farm |
| 29:29 | Build | Farm |
| 29:30 | Build | Farm |
| 29:31 | Build | Farm |
| 29:48 | Build | Mining Camp |
Build order — Falcon95
First 150 of 337 actions detected
| 0:03 | Create | Villager (Male) |
| 0:03 | Create | Villager (Male) |
| 0:04 | Create | Villager (Male) |
| 0:04 | Create | Villager (Male) |
| 0:04 | Create | Villager (Male) |
| 0:30 | Build | House |
| 1:40 | Create | Villager (Male) |
| 1:40 | Create | Villager (Male) |
| 2:19 | Create | Villager (Male) |
| 2:20 | Create | Villager (Male) |
| 2:20 | Create | Villager (Male) |
| 2:48 | Create | Villager (Male) |
| 2:48 | Create | Villager (Male) |
| 3:02 | Build | House |
| 3:07 | Build | Lumber Camp |
| 3:13 | Research | Loom |
| 3:14 | Create | Villager (Male) |
| 3:14 | Create | Villager (Male) |
| 3:14 | Create | Villager (Male) |
| 3:22 | Create | Villager (Male) |
| 3:23 | Create | Villager (Male) |
| 3:34 | Build | House |
| 4:03 | Create | Villager (Male) |
| 4:03 | Create | Villager (Male) |
| 4:41 | Create | Villager (Male) |
| 4:41 | Create | Villager (Male) |
| 4:58 | Build | Mill |
| 5:32 | Create | Villager (Male) |
| 5:32 | Create | Villager (Male) |
| 5:33 | Create | Villager (Male) |
| 6:10 | Build | Palisade Wall |
| 6:20 | Create | Villager (Male) |
| 6:21 | Create | Villager (Male) |
| 6:21 | Create | Villager (Male) |
| 6:31 | Create | Villager (Male) |
| 6:31 | Create | Villager (Male) |
| 6:38 | Build | House |
| 7:01 | Create | Villager (Male) |
| 7:01 | Create | Villager (Male) |
| 7:26 | Create | Villager (Male) |
| 7:26 | Create | Villager (Male) |
| 7:36 | Build | Mining Camp |
| 7:45 | Build | House |
| 8:32 | Create | Villager (Male) |
| 8:32 | Create | Villager (Male) |
| 9:14 | Create | Villager (Male) |
| 9:38 | Research | Feudal Age |
| 10:24 | Create | Villager (Male) |
| 10:25 | Create | Villager (Male) |
| 10:31 | Build | House |
| 10:32 | Build | House |
| 11:31 | Build | House |
| 12:04 | Age | Feudal Age |
| 12:17 | Build | Stone Wall |
| 12:26 | Build | Building 673 |
| 12:40 | Create | Villager (Male) |
| 12:40 | Create | Villager (Male) |
| 12:53 | Build | Market |
| 13:05 | Build | Farm |
| 13:05 | Build | Farm |
| 13:05 | Build | Farm |
| 13:05 | Build | Farm |
| 13:06 | Build | Farm |
| 13:09 | Build | Farm |
| 13:11 | Build | Farm |
| 13:36 | Create | Villager (Male) |
| 13:45 | Build | Blacksmith |
| 13:57 | Create | Villager (Male) |
| 14:19 | Build | House |
| 14:28 | Build | Farm |
| 14:46 | Create | Villager (Male) |
| 14:50 | Research | Castle Age |
| 14:51 | Research | Castle Age |
| 15:18 | Build | Barracks |
| 16:16 | Build | Stable |
| 16:25 | Create | Villager (Male) |
| 16:26 | Create | Villager (Male) |
| 16:26 | Research | Double-Bit Axe |
| 16:34 | Build | Farm |
| 16:43 | Research | Gold Mining |
| 17:30 | Age | Castle Age |
| 17:46 | Build | Siege Workshop |
| 17:58 | Create | Villager (Male) |
| 17:58 | Create | Villager (Male) |
| 17:59 | Build | Farm |
| 18:24 | Create | Villager (Male) |
| 18:36 | Create | Battering Ram |
| 18:50 | Create | Villager (Male) |
| 19:04 | Build | Town Center |
| 19:16 | Create | Knight |
| 19:25 | Create | Villager (Male) |
| 19:25 | Create | Villager (Male) |
| 20:17 | Create | Knight |
| 20:22 | Create | Villager (Male) |
| 20:22 | Create | Villager (Male) |
| 20:22 | Create | Villager (Male) |
| 20:28 | Build | Farm |
| 20:28 | Build | Farm |
| 20:28 | Build | Farm |
| 20:29 | Build | Farm |
| 20:29 | Build | Farm |
| 20:29 | Build | Farm |
| 20:31 | Build | Farm |
| 20:34 | Build | Farm |
| 20:35 | Create | Villager (Male) |
| 20:36 | Create | Villager (Male) |
| 21:27 | Create | Villager (Male) |
| 21:27 | Create | Villager (Male) |
| 21:28 | Create | Villager (Male) |
| 21:28 | Create | Villager (Male) |
| 21:43 | Create | Villager (Male) |
| 21:53 | Create | Villager (Male) |
| 21:53 | Create | Villager (Male) |
| 22:56 | Build | Farm |
| 22:59 | Build | Farm |
| 23:02 | Create | Villager (Male) |
| 23:02 | Create | Villager (Male) |
| 23:03 | Create | Villager (Male) |
| 23:06 | Create | Villager (Male) |
| 23:06 | Create | Villager (Male) |
| 23:11 | Build | Farm |
| 23:12 | Build | Farm |
| 23:12 | Build | Farm |
| 23:12 | Build | Farm |
| 23:13 | Build | Farm |
| 23:54 | Create | Villager (Male) |
| 23:54 | Create | Villager (Male) |
| 23:57 | Build | Farm |
| 23:58 | Build | Farm |
| 24:03 | Build | House |
| 24:15 | Research | Wheelbarrow |
| 24:20 | Build | Farm |
| 24:23 | Build | Farm |
| 24:27 | Create | Villager (Male) |
| 24:28 | Create | Villager (Male) |
| 24:28 | Create | Villager (Male) |
| 24:29 | Create | Villager (Male) |
| 24:29 | Create | Villager (Male) |
| 24:36 | Build | House |
| 24:38 | Build | House |
| 25:45 | Build | Castle |
| 25:48 | Create | Villager (Male) |
| 25:51 | Create | Villager (Male) |
| 25:52 | Create | Villager (Male) |
| 25:53 | Create | Villager (Male) |
| 26:36 | Build | Farm |
| 26:40 | Create | Villager (Male) |
| 26:46 | Build | House |
| 26:48 | Build | House |
| 26:52 | Build | Farm |
Build order — Cochiloco2000
First 150 of 300 actions detected
| 0:06 | Build | House |
| 0:09 | Build | House |
| 0:10 | Research | Loom |
| 0:11 | Create | Villager (Male) |
| 0:11 | Create | Villager (Male) |
| 0:12 | Create | Villager (Male) |
| 0:12 | Create | Villager (Male) |
| 0:59 | Build | Palisade Wall |
| 1:29 | Create | Villager (Male) |
| 1:29 | Create | Villager (Male) |
| 2:28 | Create | Villager (Male) |
| 3:15 | Build | Palisade Wall |
| 3:21 | Create | Villager (Male) |
| 3:22 | Create | Villager (Male) |
| 3:22 | Create | Villager (Male) |
| 3:57 | Build | House |
| 4:02 | Build | House |
| 4:12 | Build | Lumber Camp |
| 4:15 | Create | Villager (Male) |
| 4:15 | Create | Villager (Male) |
| 4:15 | Create | Villager (Male) |
| 4:37 | Build | House |
| 4:46 | Create | Villager (Male) |
| 4:46 | Create | Villager (Male) |
| 5:13 | Create | Villager (Male) |
| 5:13 | Create | Villager (Male) |
| 5:28 | Build | House |
| 5:41 | Create | Villager (Male) |
| 5:41 | Create | Villager (Male) |
| 6:18 | Create | Villager (Male) |
| 6:25 | Build | House |
| 6:45 | Create | Villager (Male) |
| 7:08 | Build | Mill |
| 7:10 | Create | Villager (Male) |
| 7:11 | Create | Villager (Male) |
| 7:35 | Create | Villager (Male) |
| 7:36 | Create | Villager (Male) |
| 7:54 | Create | Villager (Male) |
| 8:53 | Create | Villager (Male) |
| 9:42 | Create | Villager (Male) |
| 9:42 | Create | Villager (Male) |
| 9:42 | Create | Villager (Male) |
| 9:52 | Create | Villager (Male) |
| 10:11 | Build | Mining Camp |
| 10:24 | Build | House |
| 10:30 | Build | House |
| 10:33 | Build | House |
| 10:52 | Build | Mill |
| 11:01 | Research | Feudal Age |
| 11:54 | Create | Villager (Male) |
| 11:54 | Create | Villager (Male) |
| 11:55 | Create | Villager (Male) |
| 12:09 | Build | Mill |
| 12:44 | Build | Dock |
| 12:52 | Create | Villager (Male) |
| 12:53 | Create | Villager (Male) |
| 13:21 | Age | Feudal Age |
| 13:29 | Build | Blacksmith |
| 13:43 | Build | Market |
| 14:30 | Build | Farm |
| 14:32 | Build | Farm |
| 14:34 | Build | Farm |
| 14:35 | Build | Farm |
| 14:55 | Build | Farm |
| 15:10 | Research | Castle Age |
| 15:19 | Build | Farm |
| 15:28 | Research | Double-Bit Axe |
| 16:05 | Build | Lumber Camp |
| 16:33 | Build | Farm |
| 16:41 | Create | Fishing Ship |
| 17:02 | Research | Stone Mining |
| 17:17 | Create | Villager (Male) |
| 17:17 | Create | Villager (Male) |
| 17:17 | Create | Villager (Male) |
| 17:40 | Age | Castle Age |
| 17:47 | Build | Town Center |
| 18:09 | Build | Town Center |
| 18:13 | Create | Villager (Male) |
| 18:17 | Research | Caravan |
| 18:21 | Research | Wheelbarrow |
| 18:29 | Create | Fishing Ship |
| 18:37 | Create | Villager (Male) |
| 19:07 | Create | Villager (Male) |
| 19:38 | Create | Villager (Male) |
| 19:43 | Research | Bow Saw |
| 19:49 | Create | Villager (Male) |
| 19:49 | Create | Villager (Male) |
| 19:50 | Create | Villager (Male) |
| 19:57 | Create | Fishing Ship |
| 20:10 | Build | Farm |
| 20:12 | Build | Farm |
| 20:15 | Build | Farm |
| 20:24 | Build | Farm |
| 20:25 | Build | Farm |
| 20:29 | Build | Farm |
| 20:46 | Create | Villager (Male) |
| 20:49 | Build | Farm |
| 20:54 | Create | Villager (Male) |
| 20:55 | Create | Villager (Male) |
| 21:03 | Build | Farm |
| 21:07 | Create | Fishing Ship |
| 21:09 | Create | Fishing Ship |
| 21:31 | Build | Stone Wall |
| 21:35 | Create | Villager (Male) |
| 21:35 | Create | Villager (Male) |
| 21:42 | Research | Gold Mining |
| 21:50 | Build | Lumber Camp |
| 21:54 | Create | Villager (Male) |
| 21:54 | Create | Villager (Male) |
| 21:58 | Build | Farm |
| 21:59 | Build | Farm |
| 22:15 | Create | Villager (Male) |
| 22:20 | Create | Villager (Male) |
| 22:30 | Build | Fish Trap |
| 22:36 | Build | Fish Trap |
| 22:40 | Build | Fish Trap |
| 22:46 | Build | Fish Trap |
| 22:51 | Build | Fish Trap |
| 22:53 | Create | Fishing Ship |
| 22:54 | Create | Fishing Ship |
| 23:01 | Build | Farm |
| 23:09 | Create | Villager (Male) |
| 23:09 | Create | Villager (Male) |
| 23:17 | Build | Mining Camp |
| 23:30 | Build | Mining Camp |
| 23:55 | Create | Villager (Male) |
| 23:55 | Create | Villager (Male) |
| 24:14 | Create | Villager (Male) |
| 24:14 | Create | Villager (Male) |
| 24:16 | Create | Villager (Male) |
| 24:17 | Create | Villager (Male) |
| 24:20 | Create | Villager (Male) |
| 24:20 | Create | Villager (Male) |
| 24:29 | Build | Fish Trap |
| 24:31 | Create | Fishing Ship |
| 24:32 | Create | Fishing Ship |
| 24:44 | Build | House |
| 24:45 | Build | House |
| 24:47 | Build | House |
| 24:48 | Build | House |
| 24:59 | Build | Castle |
| 25:11 | Build | House |
| 25:12 | Build | House |
| 25:13 | Build | House |
| 25:15 | Build | House |
| 25:16 | Build | House |
| 25:18 | Build | House |
| 25:20 | Build | House |
| 25:35 | Research | Stone Shaft Mining |
| 25:46 | Build | Mining Camp |
Build order — animaniacs2
First 150 of 390 actions detected
| 0:06 | Build | House |
| 0:08 | Build | House |
| 0:12 | Research | Loom |
| 0:12 | Create | Villager (Male) |
| 0:13 | Create | Villager (Male) |
| 0:13 | Create | Villager (Male) |
| 0:13 | Create | Villager (Male) |
| 0:13 | Create | Villager (Male) |
| 2:07 | Build | Palisade Wall |
| 2:58 | Build | Palisade Wall |
| 3:04 | Create | Villager (Male) |
| 3:04 | Create | Villager (Male) |
| 3:11 | Build | Lumber Camp |
| 3:15 | Create | Villager (Male) |
| 3:16 | Create | Villager (Male) |
| 3:47 | Create | Villager (Male) |
| 3:47 | Create | Villager (Male) |
| 4:14 | Build | Palisade Wall |
| 5:07 | Create | Villager (Male) |
| 5:07 | Create | Villager (Male) |
| 5:14 | Create | Villager (Male) |
| 5:14 | Create | Villager (Male) |
| 5:15 | Create | Villager (Male) |
| 5:25 | Create | Villager (Male) |
| 5:25 | Create | Villager (Male) |
| 5:25 | Create | Villager (Male) |
| 5:54 | Create | Villager (Male) |
| 5:55 | Create | Villager (Male) |
| 5:57 | Build | House |
| 6:15 | Create | Villager (Male) |
| 7:06 | Create | Villager (Male) |
| 7:25 | Create | Villager (Male) |
| 7:26 | Create | Villager (Male) |
| 7:26 | Create | Villager (Male) |
| 7:47 | Create | Villager (Male) |
| 7:47 | Create | Villager (Male) |
| 7:47 | Create | Villager (Male) |
| 7:58 | Build | Dock |
| 9:03 | Build | House |
| 9:05 | Build | House |
| 9:55 | Build | Mill |
| 10:07 | Research | Feudal Age |
| 10:19 | Create | Fishing Ship |
| 10:45 | Create | Villager (Male) |
| 10:46 | Create | Villager (Male) |
| 10:48 | Create | Fishing Ship |
| 10:48 | Create | Fishing Ship |
| 11:41 | Create | Fishing Ship |
| 11:49 | Build | Lumber Camp |
| 12:08 | Create | Villager (Male) |
| 12:16 | Age | Feudal Age |
| 12:19 | Research | Double-Bit Axe |
| 12:24 | Create | Villager (Male) |
| 12:45 | Create | Villager (Male) |
| 12:53 | Build | Stone Wall |
| 12:57 | Create | Villager (Male) |
| 13:35 | Create | Villager (Male) |
| 13:38 | Build | House |
| 13:39 | Build | House |
| 13:46 | Build | Market |
| 13:54 | Build | Blacksmith |
| 13:56 | Create | Villager (Male) |
| 14:04 | Create | Fishing Ship |
| 14:08 | Build | House |
| 14:20 | Build | Stone Wall |
| 14:46 | Build | Mining Camp |
| 15:05 | Build | Mill |
| 15:21 | Create | Fishing Ship |
| 15:25 | Build | Fish Trap |
| 15:56 | Build | Fish Trap |
| 16:20 | Create | Villager (Male) |
| 16:29 | Build | Fish Trap |
| 17:03 | Build | Fish Trap |
| 17:10 | Create | Fishing Ship |
| 17:19 | Build | Mining Camp |
| 17:24 | Build | Mining Camp |
| 17:47 | Research | Castle Age |
| 17:47 | Research | Castle Age |
| 17:47 | Research | Castle Age |
| 17:53 | Build | Fish Trap |
| 18:16 | Build | Lumber Camp |
| 18:31 | Build | Building 673 |
| 19:01 | Research | Tech 906 |
| 19:09 | Research | Stone Mining |
| 19:51 | Research | Gold Mining |
| 20:09 | Build | Outpost |
| 20:27 | Age | Castle Age |
| 20:29 | Build | Town Center |
| 20:31 | Create | Villager (Male) |
| 20:31 | Create | Villager (Male) |
| 20:37 | Build | Fish Trap |
| 20:53 | Create | Villager (Male) |
| 21:31 | Create | Villager (Male) |
| 21:42 | Build | Town Center |
| 21:58 | Build | Palisade Wall |
| 22:06 | Build | Palisade Wall |
| 22:39 | Create | Villager (Male) |
| 22:39 | Create | Villager (Male) |
| 22:39 | Create | Villager (Male) |
| 22:39 | Create | Villager (Male) |
| 22:39 | Create | Villager (Male) |
| 22:40 | Create | Villager (Male) |
| 22:40 | Create | Villager (Male) |
| 22:40 | Create | Villager (Male) |
| 22:45 | Build | Outpost |
| 23:00 | Build | Castle |
| 23:12 | Build | Stone Wall |
| 23:16 | Build | Farm |
| 23:18 | Build | Farm |
| 23:23 | Build | Farm |
| 23:23 | Build | Farm |
| 23:24 | Build | Farm |
| 23:29 | Research | Horse Collar |
| 23:35 | Create | Villager (Male) |
| 23:35 | Create | Villager (Male) |
| 23:35 | Create | Villager (Male) |
| 23:35 | Create | Villager (Male) |
| 24:00 | Research | Fletching |
| 24:00 | Research | Fletching |
| 24:05 | Build | Farm |
| 24:09 | Build | Farm |
| 24:10 | Build | Farm |
| 24:21 | Build | Farm |
| 24:26 | Research | Town Watch |
| 24:35 | Create | Villager (Male) |
| 24:35 | Create | Villager (Male) |
| 24:36 | Create | Villager (Male) |
| 24:36 | Create | Villager (Male) |
| 24:36 | Create | Villager (Male) |
| 24:36 | Create | Villager (Male) |
| 24:37 | Create | Villager (Male) |
| 24:37 | Create | Villager (Male) |
| 24:43 | Build | Farm |
| 24:43 | Build | Farm |
| 24:48 | Build | Farm |
| 24:54 | Build | Farm |
| 25:08 | Create | Villager (Male) |
| 25:08 | Create | Villager (Male) |
| 25:08 | Create | Villager (Male) |
| 25:08 | Create | Villager (Male) |
| 25:11 | Build | House |
| 25:12 | Build | House |
| 25:13 | Build | House |
| 25:18 | Create | Villager (Male) |
| 25:18 | Create | Villager (Male) |
| 25:36 | Research | Bow Saw |
| 25:36 | Research | Bow Saw |
| 25:38 | Create | Villager (Male) |
| 25:39 | Create | Villager (Male) |
| 25:46 | Build | Farm |
Build order — GodLyCrisCo
First 150 of 275 actions detected
| 0:05 | Research | Loom |
| 0:05 | Create | Villager (Male) ×3 |
| 0:17 | Build | House |
| 0:18 | Build | House |
| 1:46 | Build | Palisade Wall |
| 2:00 | Create | Villager (Male) |
| 2:00 | Create | Villager (Male) |
| 2:42 | Create | Villager (Male) |
| 2:42 | Create | Villager (Male) |
| 3:10 | Create | Villager (Male) |
| 3:39 | Build | Palisade Wall |
| 3:49 | Create | Villager (Male) |
| 3:50 | Create | Villager (Male) |
| 3:50 | Create | Villager (Male) |
| 4:23 | Create | Villager (Male) |
| 4:24 | Create | Villager (Male) |
| 4:31 | Build | Lumber Camp |
| 5:07 | Create | Villager (Male) |
| 5:07 | Create | Villager (Male) |
| 5:08 | Create | Villager (Male) |
| 5:31 | Create | Villager (Male) |
| 5:41 | Build | House |
| 5:41 | Build | House |
| 5:46 | Create | Villager (Male) |
| 5:47 | Create | Villager (Male) |
| 6:41 | Create | Villager (Male) |
| 6:42 | Create | Villager (Male) |
| 6:42 | Create | Villager (Male) |
| 7:31 | Build | House |
| 7:33 | Build | House |
| 8:41 | Create | Villager (Male) |
| 8:41 | Create | Villager (Male) |
| 8:41 | Create | Villager (Male) |
| 8:51 | Create | Villager (Male) |
| 8:51 | Create | Villager (Male) |
| 8:51 | Create | Villager (Male) |
| 8:51 | Create | Villager (Male) |
| 9:02 | Build | Mill |
| 9:15 | Create | Villager (Male) |
| 9:15 | Create | Villager (Male) |
| 9:16 | Create | Villager (Male) |
| 10:13 | Create | Villager (Male) |
| 10:13 | Create | Villager (Male) |
| 10:19 | Build | Mill |
| 10:30 | Build | Mining Camp |
| 10:52 | Create | Villager (Male) |
| 10:53 | Create | Villager (Male) |
| 10:53 | Create | Villager (Male) |
| 11:17 | Build | Mining Camp |
| 11:28 | Create | Villager (Male) |
| 11:28 | Create | Villager (Male) |
| 11:29 | Create | Villager (Male) |
| 12:48 | Build | Mill |
| 13:00 | Build | House |
| 13:00 | Build | House |
| 13:19 | Create | Villager (Male) |
| 13:20 | Create | Villager (Male) |
| 13:49 | Create | Villager (Male) |
| 13:49 | Create | Villager (Male) |
| 13:49 | Create | Villager (Male) |
| 16:06 | Research | Feudal Age |
| 17:03 | Build | Farm |
| 17:04 | Build | Farm |
| 17:04 | Build | Farm |
| 17:04 | Build | Farm |
| 17:05 | Build | Farm |
| 17:05 | Build | Farm |
| 17:06 | Build | Farm |
| 17:06 | Build | Farm |
| 17:50 | Build | House |
| 17:50 | Build | House |
| 18:16 | Age | Feudal Age |
| 18:22 | Create | Villager (Male) |
| 18:22 | Create | Villager (Male) |
| 18:23 | Create | Villager (Male) |
| 18:33 | Build | Blacksmith |
| 18:47 | Build | Market |
| 19:24 | Build | Stone Wall |
| 19:28 | Build | Stone Wall |
| 21:07 | Research | Castle Age |
| 21:38 | Build | Barracks |
| 21:45 | Research | Double-Bit Axe |
| 21:48 | Research | Horse Collar |
| 22:07 | Build | Stone Wall |
| 22:08 | Build | Stone Wall |
| 22:09 | Build | Stone Wall |
| 22:11 | Build | Stone Wall |
| 22:41 | Create | Eagle Scout |
| 22:41 | Create | Eagle Scout |
| 23:11 | Build | Stone Wall |
| 23:47 | Age | Castle Age |
| 23:57 | Build | Castle |
| 24:26 | Create | Villager (Male) ×5 |
| 24:27 | Create | Villager (Male) ×5 |
| 24:27 | Create | Villager (Male) ×5 |
| 24:27 | Create | Villager (Male) ×2 |
| 24:36 | Build | Town Center |
| 24:42 | Build | Town Center |
| 24:50 | Build | Town Center |
| 25:56 | Create | Villager (Male) ×5 |
| 25:56 | Create | Villager (Male) ×5 |
| 25:56 | Create | Villager (Male) |
| 25:56 | Create | Villager (Male) |
| 26:28 | Build | Mining Camp |
| 26:33 | Create | Villager (Male) ×2 |
| 26:33 | Create | Villager (Male) ×2 |
| 26:33 | Create | Villager (Male) ×2 |
| 26:39 | Create | Villager (Male) ×5 |
| 26:52 | Build | Farm |
| 26:52 | Build | Farm |
| 26:52 | Build | Farm |
| 26:52 | Build | Farm |
| 26:53 | Build | Farm |
| 26:53 | Build | Farm |
| 27:07 | Research | Town Watch |
| 27:10 | Create | Villager (Male) |
| 27:10 | Create | Villager (Male) |
| 27:26 | Research | Fletching |
| 27:50 | Build | Castle |
| 28:00 | Create | Villager (Male) ×3 |
| 28:01 | Create | Villager (Male) ×3 |
| 28:10 | Build | Farm |
| 28:10 | Build | Farm |
| 28:10 | Build | Farm |
| 28:11 | Build | Farm |
| 28:11 | Build | Farm |
| 28:11 | Build | Farm |
| 28:12 | Build | Farm |
| 28:13 | Build | Farm |
| 28:13 | Build | Farm |
| 28:14 | Build | Farm |
| 28:36 | Create | Villager (Male) ×2 |
| 28:37 | Create | Villager (Male) ×2 |
| 29:06 | Create | Villager (Male) ×2 |
| 29:06 | Create | Villager (Male) ×2 |
| 29:42 | Build | Farm |
| 29:42 | Build | Farm |
| 29:43 | Build | Farm |
| 29:43 | Build | Farm |
| 29:44 | Build | Farm |
| 29:44 | Build | Farm |
| 29:45 | Build | Farm |
| 29:45 | Build | Farm |
| 29:55 | Build | Farm |
| 29:56 | Build | Farm |
| 29:56 | Build | Farm |
| 29:59 | Build | Farm |
| 30:05 | Build | Farm |
| 30:08 | Create | Villager (Male) ×5 |
| 30:08 | Create | Villager (Male) ×5 |
Build order — Rock-King
First 150 of 373 actions detected
| 0:01 | Create | Villager (Male) |
| 0:01 | Create | Villager (Male) |
| 0:02 | Build | House |
| 0:04 | Build | House |
| 0:18 | Create | Villager (Male) |
| 0:18 | Create | Villager (Male) |
| 0:35 | Research | Loom |
| 0:57 | Research | Loom |
| 1:34 | Create | Villager (Male) |
| 1:34 | Create | Villager (Male) |
| 2:11 | Build | Palisade Wall |
| 2:12 | Create | Villager (Male) |
| 2:12 | Create | Villager (Male) |
| 2:37 | Create | Villager (Male) |
| 2:37 | Create | Villager (Male) |
| 2:51 | Create | Villager (Male) |
| 2:51 | Create | Villager (Male) |
| 3:15 | Create | Villager (Male) |
| 3:27 | Create | Villager (Male) |
| 3:27 | Create | Villager (Male) |
| 3:55 | Create | Villager (Male) |
| 3:55 | Create | Villager (Male) |
| 4:14 | Build | House |
| 4:39 | Create | Villager (Male) |
| 4:51 | Build | House |
| 5:19 | Create | Villager (Male) |
| 5:19 | Create | Villager (Male) |
| 5:20 | Create | Villager (Male) |
| 5:37 | Build | House |
| 5:37 | Create | Villager (Male) |
| 6:06 | Create | Villager (Male) |
| 6:12 | Create | Villager (Male) |
| 6:19 | Build | House |
| 6:20 | Create | Villager (Male) |
| 6:30 | Create | Villager (Male) |
| 6:38 | Create | Villager (Male) |
| 6:54 | Build | House |
| 6:56 | Create | Villager (Male) |
| 7:19 | Create | Villager (Male) |
| 7:26 | Create | Villager (Male) |
| 7:30 | Build | House |
| 7:31 | Create | Villager (Male) |
| 8:11 | Build | Lumber Camp |
| 8:12 | Create | Villager (Male) |
| 8:16 | Create | Villager (Male) |
| 8:28 | Create | Villager (Male) |
| 8:57 | Build | Lumber Camp |
| 9:12 | Build | Mill |
| 9:13 | Create | Villager (Male) |
| 9:25 | Create | Villager (Male) |
| 9:39 | Create | Villager (Male) |
| 9:54 | Create | Villager (Male) |
| 10:10 | Build | Dock |
| 10:11 | Create | Villager (Male) |
| 10:19 | Create | Villager (Male) |
| 10:26 | Research | Feudal Age |
| 10:46 | Build | Mining Camp |
| 10:53 | Create | Villager (Male) |
| 11:09 | Create | Villager (Male) |
| 11:14 | Create | Villager (Male) |
| 11:33 | Build | Mill |
| 11:36 | Create | Villager (Male) |
| 11:47 | Create | Fishing Ship |
| 11:54 | Create | Fishing Ship |
| 12:36 | Age | Feudal Age |
| 12:45 | Create | Fishing Ship |
| 13:33 | Build | Market |
| 13:43 | Create | Villager (Male) |
| 13:54 | Build | Blacksmith |
| 14:10 | Research | Double-Bit Axe |
| 14:16 | Build | House |
| 14:18 | Build | House |
| 14:20 | Build | House |
| 14:37 | Create | Villager (Male) |
| 14:50 | Build | Farm |
| 14:53 | Build | Farm |
| 15:03 | Build | House |
| 15:14 | Build | Farm |
| 15:19 | Create | Villager (Male) |
| 15:20 | Create | Villager (Male) |
| 15:46 | Research | Castle Age |
| 15:49 | Build | Farm |
| 16:01 | Build | House |
| 16:02 | Create | Villager (Male) |
| 16:13 | Build | Farm |
| 16:25 | Research | Horse Collar |
| 16:40 | Create | Fishing Ship |
| 16:48 | Build | Farm |
| 17:01 | Build | House |
| 17:03 | Create | Villager (Male) |
| 17:15 | Build | Farm |
| 17:36 | Build | House |
| 17:38 | Create | Villager (Male) |
| 18:13 | Build | Stone Wall |
| 18:17 | Create | Villager (Male) |
| 18:27 | Age | Castle Age |
| 18:36 | Build | Town Center |
| 18:39 | Create | Villager (Male) |
| 18:39 | Create | Villager (Male) |
| 19:04 | Build | Town Center |
| 19:05 | Create | Villager (Male) |
| 19:25 | Build | Town Center |
| 19:26 | Create | Villager (Male) |
| 19:26 | Create | Villager (Male) |
| 19:31 | Research | Wheelbarrow |
| 19:32 | Research | Bow Saw |
| 19:34 | Research | Heavy Plow |
| 19:35 | Research | Gold Mining |
| 19:43 | Build | House |
| 19:55 | Build | House |
| 19:56 | Build | House |
| 20:01 | Build | Farm |
| 20:36 | Create | Villager (Male) |
| 20:36 | Create | Villager (Male) |
| 20:37 | Create | Villager (Male) |
| 20:37 | Create | Villager (Male) |
| 20:37 | Create | Villager (Male) |
| 20:37 | Create | Villager (Male) |
| 20:47 | Build | Farm |
| 20:52 | Build | Farm |
| 21:08 | Create | Villager (Male) |
| 21:08 | Create | Villager (Male) |
| 21:08 | Create | Villager (Male) |
| 21:09 | Create | Villager (Male) |
| 21:15 | Create | Villager (Male) |
| 21:15 | Create | Villager (Male) |
| 21:18 | Create | Villager (Male) |
| 21:23 | Build | Fish Trap |
| 21:27 | Build | Fish Trap |
| 21:34 | Build | Fish Trap |
| 21:42 | Create | Villager (Male) |
| 21:43 | Create | Villager (Male) |
| 21:43 | Create | Villager (Male) |
| 21:48 | Build | Fish Trap |
| 21:59 | Create | Villager (Male) |
| 21:59 | Create | Villager (Male) |
| 22:00 | Create | Villager (Male) |
| 22:00 | Create | Villager (Male) |
| 22:08 | Build | Farm |
| 22:09 | Build | Farm |
| 22:09 | Build | Farm |
| 22:13 | Create | Fishing Ship |
| 22:35 | Build | Barracks |
| 22:36 | Create | Villager (Male) |
| 22:36 | Create | Villager (Male) |
| 22:36 | Create | Villager (Male) |
| 22:54 | Build | Farm |
| 22:57 | Build | Farm |
| 22:57 | Build | Farm |
| 22:58 | Build | Farm |
Build order — MA
First 150 of 333 actions detected
| 0:01 | Create | Villager (Male) |
| 0:02 | Create | Villager (Male) |
| 0:02 | Create | Villager (Male) |
| 0:02 | Create | Villager (Male) |
| 0:05 | Build | House |
| 0:07 | Build | House |
| 0:10 | Research | Loom |
| 0:41 | Research | Loom |
| 0:42 | Create | Villager (Male) |
| 0:42 | Create | Villager (Male) |
| 0:42 | Create | Villager (Male) |
| 1:09 | Build | Palisade Wall |
| 1:58 | Create | Villager (Male) |
| 1:59 | Create | Villager (Male) |
| 2:28 | Create | Villager (Male) |
| 3:16 | Create | Villager (Male) |
| 3:16 | Create | Villager (Male) |
| 3:42 | Create | Villager (Male) |
| 3:42 | Create | Villager (Male) |
| 4:30 | Create | Villager (Male) |
| 4:54 | Create | Villager (Male) |
| 4:54 | Create | Villager (Male) |
| 5:00 | Create | Villager (Male) |
| 5:32 | Create | Villager (Male) |
| 5:32 | Create | Villager (Male) |
| 5:41 | Create | Villager (Male) |
| 5:41 | Create | Villager (Male) |
| 6:20 | Build | House |
| 7:04 | Build | Palisade Wall |
| 7:31 | Create | Villager (Male) |
| 7:31 | Create | Villager (Male) |
| 7:31 | Create | Villager (Male) |
| 7:35 | Build | House |
| 7:36 | Build | House |
| 7:50 | Create | Villager (Male) |
| 7:50 | Create | Villager (Male) |
| 8:01 | Build | House |
| 8:36 | Build | Mill |
| 8:39 | Create | Villager (Male) |
| 8:50 | Build | Palisade Wall |
| 8:57 | Create | Villager (Male) |
| 9:16 | Create | Villager (Male) |
| 9:16 | Create | Villager (Male) |
| 9:24 | Build | Mill |
| 9:42 | Build | House |
| 9:58 | Create | Villager (Male) |
| 9:59 | Create | Villager (Male) |
| 10:09 | Build | Palisade Wall |
| 10:19 | Create | Villager (Male) |
| 10:20 | Create | Villager (Male) |
| 10:20 | Create | Villager (Male) |
| 10:44 | Create | Villager (Male) |
| 11:03 | Build | Lumber Camp |
| 11:10 | Create | Villager (Male) |
| 11:11 | Create | Villager (Male) |
| 11:26 | Create | Villager (Male) |
| 11:52 | Create | Villager (Male) |
| 11:52 | Create | Villager (Male) |
| 11:52 | Create | Villager (Male) |
| 12:36 | Build | Dock |
| 13:23 | Create | Fishing Ship |
| 13:24 | Create | Fishing Ship |
| 13:49 | Research | Feudal Age |
| 14:30 | Build | Mining Camp |
| 14:50 | Build | Mining Camp |
| 14:58 | Create | Fishing Ship |
| 15:12 | Create | Fishing Ship |
| 15:22 | Build | Mill |
| 15:36 | Build | Barracks |
| 15:55 | Create | Villager (Male) |
| 15:56 | Create | Villager (Male) |
| 15:56 | Create | Villager (Male) |
| 15:56 | Create | Villager (Male) |
| 15:56 | Create | Villager (Male) |
| 15:59 | Age | Feudal Age |
| 16:05 | Build | Watch Tower |
| 16:21 | Create | Villager (Male) |
| 16:22 | Create | Villager (Male) |
| 16:22 | Create | Villager (Male) |
| 16:22 | Create | Villager (Male) |
| 16:30 | Research | Double-Bit Axe |
| 17:08 | Create | Villager (Male) |
| 17:08 | Create | Villager (Male) |
| 17:13 | Build | Farm |
| 17:14 | Build | Farm |
| 17:14 | Build | Farm |
| 17:14 | Build | Farm |
| 17:14 | Build | Farm |
| 17:15 | Build | Farm |
| 17:15 | Build | Farm |
| 17:22 | Research | Horse Collar |
| 17:45 | Create | Spearman |
| 17:45 | Create | Spearman |
| 17:54 | Build | Farm |
| 18:18 | Build | House |
| 18:19 | Build | House |
| 18:27 | Create | Villager (Male) |
| 18:27 | Create | Villager (Male) |
| 18:28 | Create | Villager (Male) |
| 18:31 | Build | Farm |
| 18:32 | Build | Farm |
| 18:32 | Build | Farm |
| 18:32 | Build | Farm |
| 18:36 | Create | Villager (Male) |
| 18:36 | Create | Villager (Male) |
| 18:57 | Build | Farm |
| 18:57 | Build | Farm |
| 19:10 | Build | Farm |
| 19:13 | Create | Villager (Male) |
| 19:38 | Create | Spearman |
| 19:47 | Create | Villager (Male) |
| 19:49 | Create | Villager (Male) |
| 19:53 | Build | Farm |
| 19:53 | Build | Farm |
| 19:54 | Build | Farm |
| 19:55 | Build | Farm |
| 20:02 | Create | Villager (Male) |
| 20:03 | Create | Villager (Male) |
| 20:10 | Build | House |
| 20:14 | Build | House |
| 20:50 | Build | Market |
| 21:07 | Create | Villager (Male) |
| 21:07 | Create | Villager (Male) |
| 21:31 | Build | Blacksmith |
| 21:43 | Build | Farm |
| 21:53 | Build | Farm |
| 22:16 | Create | Villager (Male) |
| 22:16 | Create | Villager (Male) |
| 22:41 | Build | Fish Trap |
| 22:49 | Build | House |
| 22:50 | Build | House |
| 22:51 | Build | House |
| 23:01 | Research | Castle Age |
| 23:26 | Build | Archery Range |
| 24:20 | Create | Skirmisher |
| 24:20 | Create | Skirmisher |
| 24:22 | Create | Spearman |
| 24:22 | Create | Spearman |
| 24:46 | Build | Stone Wall |
| 24:49 | Build | Building 490 |
| 24:53 | Build | Building 490 |
| 25:30 | Create | Villager (Male) |
| 25:31 | Create | Villager (Male) |
| 25:31 | Create | Villager (Male) |
| 25:31 | Create | Villager (Male) |
| 25:31 | Create | Villager (Male) |
| 25:32 | Create | Villager (Male) |
| 25:32 | Create | Villager (Male) |
| 25:33 | Create | Villager (Male) |
| 25:34 | Create | Villager (Male) |
Build order — Porkroll
First 150 of 278 actions detected
| 0:03 | Create | Villager (Male) |
| 0:03 | Research | Loom |
| 0:04 | Create | Villager (Male) |
| 0:04 | Create | Villager (Male) |
| 0:04 | Create | Villager (Male) |
| 0:04 | Create | Villager (Male) |
| 2:06 | Build | Palisade Wall |
| 2:27 | Build | Building 804 |
| 2:38 | Build | Palisade Wall |
| 2:42 | Build | Palisade Wall |
| 2:55 | Create | Villager (Male) |
| 2:56 | Create | Villager (Male) |
| 2:56 | Create | Villager (Male) |
| 4:30 | Create | Villager (Male) |
| 4:30 | Create | Villager (Male) |
| 5:58 | Create | Villager (Male) |
| 5:58 | Create | Villager (Male) |
| 5:59 | Create | Villager (Male) |
| 5:59 | Create | Villager (Male) |
| 6:59 | Create | Villager (Male) |
| 6:59 | Create | Villager (Male) |
| 6:59 | Create | Villager (Male) |
| 6:59 | Create | Villager (Male) |
| 7:07 | Build | Mill |
| 8:48 | Build | Palisade Wall |
| 8:55 | Create | Villager (Male) |
| 8:55 | Create | Villager (Male) |
| 8:55 | Create | Villager (Male) |
| 9:41 | Create | Villager (Male) |
| 9:42 | Create | Villager (Male) |
| 9:42 | Create | Villager (Male) |
| 9:42 | Create | Villager (Male) |
| 10:02 | Create | Villager (Male) |
| 10:03 | Create | Villager (Male) |
| 10:03 | Create | Villager (Male) |
| 10:47 | Create | Villager (Male) |
| 10:47 | Create | Villager (Male) |
| 10:48 | Create | Villager (Male) |
| 11:01 | Build | Lumber Camp |
| 11:13 | Create | Villager (Male) |
| 11:14 | Create | Villager (Male) |
| 11:14 | Create | Villager (Male) |
| 11:14 | Create | Villager (Male) |
| 11:53 | Create | Villager (Male) |
| 11:54 | Create | Villager (Male) |
| 12:30 | Build | Barracks |
| 12:40 | Create | Villager (Male) |
| 13:32 | Create | Militia |
| 13:33 | Create | Militia |
| 13:33 | Create | Militia |
| 13:33 | Create | Militia |
| 13:33 | Create | Militia |
| 13:46 | Build | Mining Camp |
| 14:07 | Build | Farm |
| 14:19 | Create | Villager (Male) |
| 14:20 | Create | Villager (Male) |
| 14:43 | Create | Militia |
| 14:44 | Create | Militia |
| 14:44 | Create | Militia |
| 15:06 | Create | Militia |
| 15:06 | Create | Militia |
| 15:06 | Create | Militia |
| 15:06 | Create | Militia |
| 15:20 | Create | Villager (Male) |
| 15:20 | Create | Villager (Male) |
| 15:20 | Create | Villager (Male) |
| 15:31 | Build | Mill |
| 15:34 | Create | Militia |
| 15:34 | Create | Militia |
| 15:35 | Create | Militia |
| 17:05 | Build | Farm |
| 17:16 | Research | Feudal Age |
| 17:42 | Build | Farm |
| 17:45 | Build | Farm |
| 17:49 | Build | Farm |
| 17:53 | Build | Farm |
| 19:26 | Age | Feudal Age |
| 19:40 | Build | Stone Wall |
| 20:03 | Build | Stone Wall |
| 20:10 | Build | Stone Wall |
| 20:21 | Create | Villager (Male) |
| 20:35 | Build | Market |
| 20:43 | Build | Blacksmith |
| 21:31 | Create | Villager (Male) |
| 21:31 | Create | Villager (Male) |
| 21:31 | Create | Villager (Male) |
| 21:31 | Create | Villager (Male) |
| 21:31 | Create | Villager (Male) |
| 21:32 | Create | Villager (Male) |
| 21:37 | Build | Farm |
| 21:40 | Build | Farm |
| 21:42 | Build | Farm |
| 21:45 | Build | Farm |
| 21:58 | Research | Castle Age |
| 22:10 | Build | Mining Camp |
| 22:22 | Build | Stone Wall |
| 22:27 | Build | Stone Wall |
| 22:57 | Build | Farm |
| 23:02 | Build | Farm |
| 23:21 | Create | Villager (Male) |
| 23:21 | Create | Villager (Male) |
| 23:51 | Create | Villager (Male) |
| 23:52 | Create | Villager (Male) |
| 24:18 | Research | Wheelbarrow |
| 24:21 | Research | Scale Barding Armor |
| 24:40 | Age | Castle Age |
| 24:43 | Build | Town Center |
| 24:48 | Create | Villager (Male) |
| 24:48 | Create | Villager (Male) |
| 24:49 | Create | Villager (Male) |
| 24:49 | Create | Villager (Male) |
| 24:57 | Research | Forging |
| 25:08 | Research | Double-Bit Axe |
| 25:22 | Build | Stone Wall |
| 26:07 | Build | Stone Wall |
| 26:29 | Create | Villager (Male) |
| 26:29 | Create | Villager (Male) |
| 26:30 | Create | Villager (Male) |
| 26:30 | Create | Villager (Male) |
| 26:30 | Create | Villager (Male) |
| 27:04 | Create | Villager (Male) |
| 27:04 | Create | Villager (Male) |
| 27:04 | Create | Villager (Male) |
| 27:29 | Build | Stone Wall |
| 28:07 | Build | Town Center |
| 28:10 | Create | Villager (Male) |
| 28:10 | Create | Villager (Male) |
| 28:11 | Create | Villager (Male) |
| 28:11 | Create | Villager (Male) |
| 28:11 | Create | Villager (Male) |
| 28:23 | Build | Farm |
| 28:26 | Build | Farm |
| 28:40 | Build | Farm |
| 28:48 | Create | Villager (Male) |
| 29:14 | Build | Stone Wall |
| 29:31 | Research | Hand Cart |
| 29:40 | Create | Villager (Male) |
| 29:41 | Create | Villager (Male) |
| 29:41 | Create | Villager (Male) |
| 29:41 | Create | Villager (Male) |
| 29:53 | Build | Monastery |
| 30:13 | Create | Villager (Male) |
| 30:13 | Create | Villager (Male) |
| 30:22 | Build | Farm |
| 30:25 | Build | Farm |
| 30:37 | Create | Villager (Male) |
| 30:37 | Create | Villager (Male) |
| 30:37 | Create | Villager (Male) |
| 30:37 | Create | Villager (Male) |
| 30:38 | Create | Villager (Male) |
Match timeline
| 0:59 | Cochiloco2000 · wall_segment Palisade Wall x13 |
| 1:09 | MA · wall_segment Palisade Wall x12 |
| 1:46 | GodLyCrisCo · wall_segment Palisade Wall x19 |
| 2:06 | Porkroll · wall_segment Palisade Wall x11 |
| 2:07 | animaniacs2 · wall_segment Palisade Wall x10 |
| 2:11 | Rock-King · wall_segment Palisade Wall x10 |
| 2:38 | Porkroll · wall_segment Palisade Wall x10 |
| 2:42 | Porkroll · wall_segment Palisade Wall x6 |
| 2:51 | eXorcist · wall_segment Palisade Wall x8 |
| 2:58 | animaniacs2 · wall_segment Palisade Wall x1 |
| 3:15 | Cochiloco2000 · wall_segment Palisade Wall x8 |
| 3:39 | GodLyCrisCo · wall_segment Palisade Wall x20 |
| 3:57 | eXorcist · wall_segment Palisade Wall x2 |
| 3:59 | eXorcist · wall_segment Palisade Wall x8 |
| 4:14 | animaniacs2 · wall_segment Palisade Wall x8 |
| 6:10 | Falcon95 · wall_segment Palisade Wall x9 |
| 7:04 | MA · wall_segment Palisade Wall x1 |
| 7:58 | animaniacs2 · first_building Dock |
| 8:48 | Porkroll · wall_segment Palisade Wall x11 |
| 8:50 | MA · wall_segment Palisade Wall x4 |
| 10:09 | MA · wall_segment Palisade Wall x7 |
| 10:10 | Rock-King · first_building Dock |
| 10:18 | eXorcist · first_building Dock |
| 12:04 | Falcon95 · age_up feudal |
| 12:16 | animaniacs2 · age_up feudal |
| 12:17 | Falcon95 · wall_segment Stone Wall x4 |
| 12:30 | Porkroll · first_building Barracks |
| 12:36 | Rock-King · age_up feudal |
| 12:36 | MA · first_building Dock |
| 12:44 | Cochiloco2000 · first_building Dock |
| 12:53 | animaniacs2 · wall_segment Stone Wall x11 |
| 13:21 | Cochiloco2000 · age_up feudal |
| 14:00 | eXorcist · age_up feudal |
| 14:20 | animaniacs2 · wall_segment Stone Wall x6 |
| 15:18 | Falcon95 · first_building Barracks |
| 15:24 | Rock-King · first_market_buy 100 food |
| 15:36 | MA · first_building Barracks |
| 15:41 | Rock-King · first_market_sell 100 wood |
| 15:59 | MA · age_up feudal |
| 16:16 | Falcon95 · first_building Stable |
| 16:32 | eXorcist · wall_segment Stone Wall x9 |
| 17:30 | Falcon95 · age_up castle |
| 17:40 | Cochiloco2000 · age_up castle |
| 17:46 | Falcon95 · first_building Siege Workshop |
| 18:05 | eXorcist · wall_segment Stone Wall x8 |
| 18:13 | Rock-King · wall_segment Stone Wall x8 |
| 18:16 | GodLyCrisCo · age_up feudal |
| 18:27 | Rock-King · age_up castle |
| 19:20 | eXorcist · wall_segment Stone Wall x13 |
| 19:24 | GodLyCrisCo · wall_segment Stone Wall x20 |
| 19:26 | Porkroll · age_up feudal |
| 19:28 | GodLyCrisCo · wall_segment Stone Wall x14 |
| 19:32 | eXorcist · age_up castle |
| 19:40 | Porkroll · wall_segment Stone Wall x10 |
| 20:03 | Porkroll · wall_segment Stone Wall x4 |
| 20:10 | Porkroll · wall_segment Stone Wall x7 |
| 20:27 | animaniacs2 · age_up castle |
| 21:31 | Cochiloco2000 · wall_segment Stone Wall x8 |
| 21:38 | GodLyCrisCo · first_building Barracks |
| 21:58 | animaniacs2 · wall_segment Palisade Wall x1 |
| 22:06 | animaniacs2 · wall_segment Palisade Wall x1 |
| 22:07 | GodLyCrisCo · wall_segment Stone Wall x1 |
| 22:08 | GodLyCrisCo · wall_segment Stone Wall x1 |
| 22:09 | GodLyCrisCo · wall_segment Stone Wall x1 |
| 22:11 | GodLyCrisCo · wall_segment Stone Wall x1 |
| 22:22 | Porkroll · wall_segment Stone Wall x4 |
| 22:27 | Porkroll · wall_segment Stone Wall x7 |
| 22:35 | Rock-King · first_building Barracks |
| 22:49 | eXorcist · first_building Barracks |
| 23:00 | animaniacs2 · first_building Castle |
| 23:11 | GodLyCrisCo · wall_segment Stone Wall x12 |
| 23:12 | animaniacs2 · wall_segment Stone Wall x10 |
| 23:25 | eXorcist · first_building Stable |
| 23:26 | MA · first_building Archery Range |
| 23:37 | Rock-King · first_building Stable |
| 23:47 | GodLyCrisCo · age_up castle |
| 23:57 | GodLyCrisCo · first_building Castle |
| 24:34 | animaniacs2 · first_market_buy 100 food |
| 24:40 | Porkroll · age_up castle |
| 24:45 | eXorcist · first_building Castle |
| 24:46 | MA · wall_segment Stone Wall x16 |
| 24:59 | Cochiloco2000 · first_building Castle |
| 25:22 | Porkroll · wall_segment Stone Wall x3 |
| 25:28 | Falcon95 · first_market_sell 100 wood |
| 25:45 | MA · age_up castle |
| 25:45 | Falcon95 · first_building Castle |
| 26:07 | Porkroll · wall_segment Stone Wall x6 |
| 26:31 | eXorcist · wall_segment Stone Wall x5 |
| 26:32 | eXorcist · wall_segment Stone Wall x2 |
| 26:35 | eXorcist · wall_segment Stone Wall x3 |
| 26:48 | MA · first_building Castle |
| 27:20 | animaniacs2 · first_building Barracks |
| 27:29 | Porkroll · wall_segment Stone Wall x11 |
| 27:31 | MA · first_market_buy 100 wood |
| 27:59 | Porkroll · first_market_buy 100 stone |
| 28:07 | animaniacs2 · first_building Archery Range |
| 28:51 | animaniacs2 · first_building Monastery |
| 29:02 | animaniacs2 · wall_segment Stone Wall x7 |
| 29:05 | Rock-King · first_building Monastery |
| 29:14 | Porkroll · wall_segment Stone Wall x11 |
| 29:23 | MA · first_building Siege Workshop |
| 29:25 | Cochiloco2000 · age_up imperial |
| 29:53 | MA · first_building Monastery |
| 29:53 | Porkroll · first_building Monastery |
| 30:14 | MA · wall_segment Palisade Wall x5 |
| 30:25 | Falcon95 · age_up imperial |
| 30:31 | animaniacs2 · first_market_sell 100 food |
| 30:51 | GodLyCrisCo · first_market_buy 100 food |
| 31:20 | Porkroll · wall_segment Stone Wall x12 |
| 31:34 | animaniacs2 · first_building Siege Workshop |
| 31:49 | eXorcist · first_market_sell 100 food |
| 32:40 | Rock-King · first_building Siege Workshop |
| 33:12 | Porkroll · first_building Stable |
| 33:19 | Rock-King · age_up imperial |
| 33:55 | animaniacs2 · age_up imperial |
| 34:05 | GodLyCrisCo · wall_segment Stone Wall x1 |
| 34:06 | GodLyCrisCo · wall_segment Stone Wall x8 |
| 34:08 | GodLyCrisCo · wall_segment Stone Wall x12 |
| 34:09 | GodLyCrisCo · wall_segment Stone Wall x14 |
| 34:12 | GodLyCrisCo · wall_segment Stone Wall x20 |
| 34:18 | MA · age_up imperial |
| 34:26 | GodLyCrisCo · age_up imperial |
| 34:37 | GodLyCrisCo · wall_segment Stone Wall x5 |
| 34:40 | Porkroll · first_building Castle |
| 34:53 | Cochiloco2000 · first_building Barracks |
| 35:07 | eXorcist · age_up imperial |
| 35:53 | Cochiloco2000 · wall_segment Stone Wall x16 |
| 36:13 | GodLyCrisCo · wall_segment Stone Wall x12 |
| 36:17 | GodLyCrisCo · wall_segment Stone Wall x14 |
| 36:18 | GodLyCrisCo · wall_segment Stone Wall x19 |
| 36:24 | Porkroll · first_building Siege Workshop |
| 36:34 | eXorcist · resign |
| 37:10 | Porkroll · wall_segment Stone Wall x14 |
| 37:47 | Cochiloco2000 · wall_segment Stone Wall x14 |
| 39:19 | Falcon95 · wall_segment Stone Wall x6 |
| 39:47 | GodLyCrisCo · first_market_sell 500 stone |
| 40:26 | Falcon95 · wall_segment Stone Wall x10 |
[ AI ANALYSIS · 1 CREDIT ]
What really happened in this match?
Wolo.gg analyzes every decision: build order, eco, micro, common mistakes by bracket. Personalized analysis on WhatsApp or Discord in 30 seconds.
Civ guide
Tatars
Perfil
Jugador #18100331